 Dungeon Crawl Stone Soup version 0.29-a0-284-gf9362112df (webtiles) character file.

Game seed: 3442053951556331718

5598 spaghetti the Unseen (level 10, 0/81 HPs)
             Began as a Deep Dwarf Berserker on Mar 30, 2022.
             Was a Follower of Trog.
             Slain by a komodo dragon (21 damage)
             ... on level 1 of the Lair of Beasts.
             The game lasted 00:14:06 (7237 turns).

spaghetti the Unseen (Deep Dwarf Berserker)         Turns: 7237, Time: 00:14:07

Health: 0/81       AC:  7    Str: 22    XL:     10   Next: 45%
Magic:  10/10      EV: 12    Int:  9    God:    Trog [*.....]
Gold:   331        SH:  0    Dex: 16    Spells: 9/9 levels left

rFire   . . .      SeeInvis +   w - +2 rapier (venom) {short}
rCold   . . .      Faith    +   (no shield)
rNeg    . . .      Spirit   .   s - +1 leather armour of Absolutism {Rampage}
rPois   .          Reflect  .   B - +0 helmet
rElec   .          Harm     .   y - +1 cloak
rCorr   .          Rampage  +   (no gloves)
Will    +....                   (no boots)
Stlth   ++++++....              t - amulet of faith {!P}
HPRegen 0.00/turn               A - ring of see invisible
MPRegen 0.12/turn               (no ring)

@: no status effects
A: damage resistance, heal wounds, sense surroundings 2, no regeneration, clever
1, MP-powered wands
a: Heal Wounds, Renounce Religion, Berserk


You were on level 1 of the Lair of Beasts.
You worshipped Trog.
Trog was aware of your devotion.
You visited 2 branches of the dungeon, and saw 8 of its levels.

You collected 331 gold pieces.


Innate Abilities, Weirdness & Mutations

You are resistant to damage.
You can heal yourself by infusing magical energy.
You passively map the area around you.
You do not regenerate.
Your mind is acute. (Int +2)
You expend magic power (3 MP) to strengthen your wands.


   Skills:
 - Level 2.6 Fighting
 + Level 8.8 Short Blades
 - Level 2.1 Armour
 - Level 2.1 Dodging
 * Level 16.2 Stealth


You had 9 spell levels left.
You didn't know any spells.
Your spell library contained the following spells:

 Spells                   Type           Power      Damage    Failure   Level
 Apportation              Tloc           0%         N/A       43%         1
 Blink                    Tloc           0%         N/A       56%         2
 Lesser Beckoning         Tloc           0%         N/A       80%         3
 Alistair's Intoxication  Tmut/Pois      0%         N/A       100%        5
 Manifold Assault         Tloc           0%         N/A       100%        5

Inventory:

Hand Weapons
 a - a +0 short sword {short}
 o - a +5 club {mace}
   (You took it off Jessica on level 2 of the Dungeon)
 v - the +1 quarterstaff of Makhleb's Pride {elec, *Slow rElec Str+4 Dex+4, staff}
   (You found it on level 8 of the Dungeon)

   It occasionally discharges a powerful burst of electricity upon striking a
   foe.
   Str:       It affects your strength (+4).
   Dex:       It affects your dexterity (+4).
   rElec:     It insulates you from electricity.
   *Slow:     It may slow you when you take damage.
 w - a +2 rapier of venom (weapon) {short}
   (You found it on level 4 of the Dungeon)
Missiles
 c - 274 stones (quivered) {throwing}
 k - 9 poisoned darts {throwing}
 u - a throwing net {=f!fthrowing}
 D - 2 silver boomerangs {throwing}
 G - a curare-tipped dart {=fthrowing}
Armour
 b - a +0 animal skin
 j - a +0 scale mail of willpower
   (You found it on level 1 of the Dungeon)
 m - a +0 kite shield
   (You found it on level 2 of the Dungeon)
 s - the +1 leather armour of Absolutism (worn) {Rampage}
   (You found it on level 3 of the Dungeon)

   Rampage:   It bestows one free step when moving towards enemies.
 y - a +1 cloak (worn)
   (You found it on level 7 of the Dungeon)
 B - a +0 helmet (worn)
   (You found it on level 9 of the Dungeon)
Magical Staves
 x - a staff of fire {forbidden!astaff}
   (You found it on level 7 of the Dungeon)
Jewellery
 t - an amulet of faith (around neck) {!P}
   (You found it on level 3 of the Dungeon)
 A - a ring of see invisible (left hand)
   (You found it on level 9 of the Dungeon)
Wands
 E - a wand of iceblast (5)
   (You found it on level 9 of the Dungeon)
 F - a wand of paralysis (1)
   (You found it on level 9 of the Dungeon)
Scrolls
 d - 5 scrolls of teleportation {@r4}
 e - a scroll of silence {!r}
 f - a scroll of holy word
 h - 2 scrolls of noise {!r}
 i - a scroll of enchant armour
 p - a scroll of summoning {unknown}
 q - 2 scrolls of enchant weapon
 z - a scroll of fear
 C - a scroll of vulnerability {unknown}
Potions
 g - a potion of magic
 l - a potion of flight
 n - 3 potions of might
 r - a potion of attraction {!q}

Dungeon Overview and Level Annotations

Branches:
Dungeon (9/15)             Temple (0/1) D:4            Lair (1/6) D:9
    Orc: D:9-12

Altars:
Dithmenos
Gozag
Kikubaaqudgha
Sif Muna

Annotations:
D:7 2 runed translucent doors, exclusion: orange crystal statue

*** ### # * ,
####..#######.##.
,
.................,
> , ,
.........<.......
, ,
..............###,
, *
#.....l@......# ,
,, , , ,
,#.......>......#
* * * * ,
#...########..## *
, , #.. **..#* * ,
, , +. ** ..# , ,
.##* , , , * , * *
, *, * , ,, , *, ,


You could see a komodo dragon (extremely poisoned).


Message History

Trog accepts your kill.
You now have 76 max hp (+1).
Things that are here:
a +0 great sword {long}; a +0 robe Your skin crawls.
You feel strong-willed. 😮 HP[+1]
You feel the effects of Trog's Hand fading.
Your skin stops crawling.
You feel less strong-willed.
A two-headed ogre comes into view.
It is wielding a +0 giant club and a +0 giant spiked club. 😕 HP[+15]
You regained 15 hp, and now have 61/76 hp.
A two-headed ogre is nearby!
The two-headed ogre shouts in stereo!
The two-headed ogre hits you with a +0 giant club!!!
* * * LOW HITPOINT WARNING * * *
The two-headed ogre barely misses you. 😨 HP[-33]
You take 33 damage, and now have 28/76 hp.
MASSIVE DAMAGE!! (PAUSE)
A red film seems to cover your vision as you go berserk!
You feel yourself moving faster!
You feel mighty!
The two-headed ogre hits you with a +0 giant club!!
* * * LOW HITPOINT WARNING * * *
The two-headed ogre misses you. 😱 HP[-1]
You now have 114 max hp (+38).
You puncture the two-headed ogre! You puncture the two-headed ogre!
The two-headed ogre looks as sick as possible!
You puncture the two-headed ogre!
The two-headed ogre looks as sick as possible!
The two-headed ogre hits you with a +0 giant club!
* * * LOW HITPOINT WARNING * * *
The two-headed ogre closely misses you. 😱 HP[-15]
You take 15 damage, and now have 12/114 hp.
You puncture the two-headed ogre!
The two-headed ogre looks as sick as possible!
You puncture the two-headed ogre!
You kill the two-headed ogre!
Trog accepts your kill.
Your life force feels restored.
Your Stealth skill increases to level 16!
You now have 121 max hp (+7).
Unknown command.
Unknown command.
You start waiting.
You feel a strong urge to attack something.
You feel your anger nearly subside.
You are no longer berserk.
You are exhausted.
You feel yourself slow down.
You feel yourself speed up.
You recover from your berserk rage. 😱 HP[-4]
You now have 81 max hp (-40).
Your skin crawls.
You feel strong-willed.
You can no longer call upon Trog for regeneration and willpower. 😱 HP[+1] Unknown command.
Things that are here:
a +0 giant club {mace}; a +0 giant spiked club {mace}; a two-headed ogre corpse 😱 HP[+1]
H - a bubbling pink potion 😱 HP[+4]
You regained 4 hp, and now have 14/81 hp.
You feel the effects of Trog's Hand fading.
Your skin stops crawling.
You feel less strong-willed.
Things that are here:
a +0 great sword {long}; a +0 robe The yak bellows!
You hear a bellow! 😨 HP[+7]
You regained 7 hp, and now have 21/81 hp.
It was a potion of mutation.
You feel extremely strange.
You feel your magical essence link to the dungeon's wands.
You feel clever.
The yak bellows!
Okay, then.
Unknown command.
You enter the shallow water.
Moving in this stuff is going to be slow.
Why would you want to do that?
There is a staircase to the Lair here.
You climb downwards.
Welcome to the Lair of Beasts!
The komodo dragon hisses angrily.
Found an escape hatch in the floor.
There is a staircase back to the Dungeon here.
Unknown command.
Unknown command.
Unknown command.
A komodo dragon is nearby!
The komodo dragon misses you.
You completely miss the komodo dragon. You hit the komodo dragon.
The komodo dragon is poisoned.
The komodo dragon bites you but does no damage.
You hit the komodo dragon but do no damage.
The komodo dragon looks as sick as possible!
The komodo dragon bites you!!
You die...

Skill      XL: |  1  2  3  4  5  6  7  8  9 10 |
---------------+-------------------------------+-----
Stealth        | 1 2 5 6 7 9 12 14 16 | 16.2
Short Blades   | 3 4 5 6 8 |  8.8
Fighting       | |  2.6
Armour         | |  2.1
Dodging        | |  2.1

Action                   |  1- 3 |  4- 6 |  7- 9 | 10-12 || total
-------------------------+-------+-------+-------+-------++-------
Melee: Short sword       |    71 |   124 |    10 |       ||   205
       Punch             |       |     4 |     2 |     1 ||     7
       Rapier            |       |       |   211 |   107 ||   318
Throw: Stone             |     5 |       |     3 |       ||     8
Invok: Berserk           |     3 |     4 |    12 |     4 ||    23
       Trog's Hand       |       |       |    17 |    10 ||    27
  Use: Potion            |     3 |     8 |     1 |     3 ||    15
       Scroll            |       |       |     7 |     2 ||     9
 Stab: Sleeping          |     2 |    19 |    12 |     3 ||    36
       Distracted        |       |       |     1 |       ||     1
Armor: Animal skin       |    10 |     2 |       |       ||    12
       Leather armour    |       |    10 |    68 |    16 ||    94
Dodge: Dodged            |    49 |    52 |   170 |    56 ||   327

Levels and vault maps discovered:
D:1:      dpeg_arrival_more_subterranean_lakeside_camping, layout_rooms
D:2:      layout_loops_ring, ebering_ecumenical_altar_mist, uniq_sigmund,
          uniq_terence, uniq_jessica
D:3:      layout_rooms, tgw_sif, kennysheep_nondescript, st_stairs_4,
          minmay_divided_ellipse
D:4:      nicolae_cairo_tiling_very_big, layout_layer_cave, lemuel_round_altar,
          nzn_wu_jian_contemplation, minmay_temple_entry_proselytizer
D:7:      layout_gridville, chequers_guarded_unrand_ignorance
D:8:      layout_basic
D:9:      layout_cave_pods, gammafunk_temple_overflow_pools, erik_lair_island,
          uniq_joseph
Lair:1:   hellmonk_destroyed_diamonds, layout_chaotic_city, beast_lair_carwin_4,
          lemuel_fruit_tree, uniq_erica, uniq_gastronok, uniq_nergalle

Notes
Turn   | Place    | Note
-------+----------+-------------------------------------------
     0 | D:1      | spaghetti the Deep Dwarf Berserker began the quest for the
                  | Orb.
     0 | D:1      | Reached XP level 1. HP: 20/20 MP: 1/1
     0 | D:1      | magus.rc [v1.9.6]
    50 | D:1      | Reached skill level 1 in Stealth
   178 | D:1      | Reached XP level 2. HP: 25/27 MP: 2/2
   249 | D:1      | Reached skill level 2 in Stealth
   421 | D:2      | Reached skill level 3 in Short Blades
   591 | D:2      | Reached XP level 3. HP: 30/33 MP: 3/3
   600 | D:2      | Reached skill level 3 in Stealth
   778 | D:2      | Noticed Sigmund
   790 | D:2      | Killed Sigmund
   791 | D:2      | Reached skill level 5 in Stealth
   791 | D:2      | Reached XP level 4. HP: 38/40 MP: 4/4
   791 | D:2      | Reached XP level 5. HP: 44/46 MP: 5/5
   975 | D:2      | Reached ** piety under Trog
  1010 | D:2      | Found a faded altar of an unknown god.
  1010 | D:2      | Noticed Terence
  1019 | D:2      | Killed Terence
  1020 | D:2      | Reached skill level 4 in Short Blades
  1020 | D:2      | Reached skill level 6 in Stealth
  1310 | D:2      | Noticed Jessica
  1318 | D:2      | Killed Jessica
  1556 | D:3      | Identified the +1 leather armour of Absolutism {Rampage}
  1661 | D:3      | Reached XP level 6. HP: 33/55 MP: 6/6
  1693 | D:3      | You pick up a book of Spatial Translocations {forbidden}
                  | and begin reading...
  1693 | D:3      | You add the spells Blink, Lesser Beckoning and Manifold
                  | Assault to your library.
  1817 | D:3      | Reached skill level 7 in Stealth
  2100 | D:3      | Noticed a sky beast
  2111 | D:3      | Killed a sky beast
  2412 | D:3      | Found a shimmering blue altar of Sif Muna.
  2574 | D:4      | Found an ancient bone altar of Kikubaaqudgha.
  2755 | D:4      | Reached XP level 7. HP: 61/61 MP: 7/7
  3332 | D:4      | Reached skill level 8 in Stealth
  3355 | D:4      | You fall into a shaft and drop 3 floors!
  3386 | D:7      | Reached *** piety under Trog
  3494 | D:7      | HP: 22/91 [orc warrior/+0 scimitar (16)]
  3496 | D:7      | Reached skill level 5 in Short Blades
  3538 | D:7      | Reached skill level 9 in Stealth
  3647 | D:7      | HP: 14/61 [gnoll/+0 club (4)]
  3859 | D:7      | Reached XP level 8. HP: 68/68 MP: 8/8
  3861 | D:7      | Reached skill level 10 in Stealth
  4072 | D:7      | Found a runed translucent door.
  4077 | D:7      | Found the +10 tower shield of Ignorance {rN+ Int-4}
  4096 | D:7      | Found a runed translucent door.
  4103 | D:7      | Noticed an orange crystal statue
  4155 | D:7      | Noticed a two-headed ogre
  4164 | D:7      | Killed a two-headed ogre
  4165 | D:7      | Reached skill level 6 in Short Blades
  4165 | D:7      | Reached skill level 12 in Stealth
  4287 | D:8      | Identified the +1 quarterstaff of Makhleb's Pride {elec,
                  | *Slow rElec Str+4 Dex+4}
  4315 | D:8      | Gained mutation: You passively map the area around you.
                  | [Deep Dwarf growth]
  4315 | D:8      | Reached XP level 9. HP: 54/74 MP: 9/9
  4337 | D:9      | Reached skill level 7 in Short Blades
  4444 | D:9      | Reached skill level 13 in Stealth
  4986 | D:8      | You pick up a book of Party Tricks {forbidden} and begin
                  | reading...
  4986 | D:8      | You add the spells Apportation and Alistair's Intoxication
                  | to your library.
  5016 | D:8      | Reached skill level 14 in Stealth
  5628 | D:9      | Noticed a troll
  5639 | D:9      | Killed a troll
  5640 | D:9      | Reached skill level 8 in Short Blades
  5745 | D:9      | Found a staircase to the Lair.
  5765 | D:9      | Reached XP level 10. HP: 51/81 MP: 10/10
  5771 | D:9      | Reached skill level 15 in Stealth
  5778 | D:9      | HP: 26/115 [wight/+0 battleaxe (13)]
  5780 | D:9      | HP: 11/74 [wight/+0 spear (4)]
  6042 | D:9      | Found a shadowy altar of Dithmenos.
  6043 | D:9      | Found an opulent altar of Gozag.
  6199 | D:9      | HP: 11/65 [wight/+0 great sword (12)]
  6721 | D:9      | Noticed Joseph
  6725 | D:9      | Killed Joseph
  7006 | D:9      | Noticed a two-headed ogre
  7010 | D:9      | HP: 27/114 [two-headed ogre/+0 giant club (16)]
  7013 | D:9      | HP: 12/114 [two-headed ogre/+0 giant club (15)]
  7015 | D:9      | Killed a two-headed ogre
  7016 | D:9      | Reached skill level 16 in Stealth
  7184 | D:9      | Gained mutation: You expend magic power (3 MP) to
                  | strengthen your wands. [potion of mutation]
  7184 | D:9      | Gained mutation: Your mind is acute. (Int +2) [potion of
                  | mutation]
  7232 | Lair:1   | Entered Level 1 of the Lair of Beasts
  7237 | Lair:1   | Slain by a komodo dragon

Vanquished Creatures
  2 two-headed ogres
  Joseph (D:9)
  A troll (D:9)
  Sigmund (D:2)
  A wraith (D:9)
  3 yaks
  A water moccasin (D:8)
  3 orc warriors
  A sky beast (D:3)
  An ice beast (D:7)
  2 wolves (D:9)
  An ogre (D:7)
  A phantom (D:3)
  A kobold brigand (D:9)
  2 bullfrogs
  17 wights
  10 killer bees
  5 hounds (D:9)
  7 orc priests
  A gnoll shaman (D:7)
  Jessica (D:2)
  Terence (D:2)
  An iguana (D:4)
  3 orc wizards
  3 adders
  7 gnolls
  A white imp (D:7)
  A worm (D:4)
  2 dart slugs (D:3)
  19 orcs
  10 ball pythons
  10 endoplasms
  2 giant cockroaches
  6 goblins
  2 hobgoblins
  A jackal (D:3)
  8 kobolds
  5 quokkas
  8 bats
  6 frilled lizards
  5 rats
164 creatures vanquished.

Table legend:
 A = Non-vault XP
 B = Vault XP
 C = Vault XP percentage of total XP
 D = Non-vault monster count
 E = Vault monster count
 F = Vault count percentage of total count
                 A         B        C        D         E       F
            +---------+---------+-------+---------+---------+-------
      Total |    6194 |    1804 |  22.6 |     137 |      27 |  16.5
            +---------+---------+-------+---------+---------+-------
        D:1 |      18 |       0 |   0.0 |      12 |       0 |   0.0
        D:2 |      54 |     299 |  84.7 |      23 |       3 |  11.5
        D:3 |      38 |     284 |  88.2 |      14 |      15 |  51.7
        D:4 |     115 |       0 |   0.0 |      11 |       0 |   0.0
        D:7 |    1803 |       0 |   0.0 |      26 |       0 |   0.0
        D:8 |    1431 |       0 |   0.0 |      20 |       0 |   0.0
        D:9 |    2735 |    1221 |  30.9 |      31 |       9 |  22.5
            +---------+---------+-------+---------+---------+-------

Illustrated notes

Table legend:
 A = Kills in this place as a percentage of kills in entire the game.
 B = Kills by you in this place as a percentage of kills by you in the entire game.
 C = Kills by friends in this place as a percentage of kills by friends in the entire game.
 D = Other kills in this place as a percentage of other kills in the entire game.
 E = Experience gained in this place as a percentage of experience gained in the entire game.
 F = Experience gained in this place divided by the number of levels of this place that you have seen.
                   A       B       C       D       E      F
               +-------+-------+-------+-------+-------+----------------------
         Total | 100.0 | 100.0 |   N/A |   N/A | 100.0 | 999.8
       Dungeon | 100.0 | 100.0 |   N/A |   N/A | 100.0 | 1142.6
               +-------+-------+-------+-------+-------+----------------------

Table legend: (Time is in decaauts)
 A = Elapsed time spent in this place.
 B = Non-inter-level travel time spent in this place.
 C = Inter-level travel time spent in this place.
 D = Time resting spent in this place.
 E = Time spent auto-exploring this place.
 F = Levels seen in this place.
 G = Mean time per level.
                   A        B        C        D        E       F      G
               +--------+--------+--------+--------+--------+-----+--------+
         Total |   7378 |   7156 |    222 |   3078 |   2957 |   8 |  922.2 |
       Dungeon |   7374 |   7152 |    222 |   3078 |   2957 |   7 | 1053.4 |
          Lair |      4 |      4 |      0 |      0 |      0 |   1 |    4.0 |
               +--------+--------+--------+--------+--------+-----+--------+

Top non-repeatable levels by time:
     D:9: 1637 daAuts
     D:8: 1469 daAuts
     D:2: 1189 daAuts
     D:3: 912 daAuts
     D:4: 904 daAuts
     D:7: 866 daAuts
     D:1: 394 daAuts
  Lair:1: 4 daAuts
